Map: Jagannatha LE

Players

Nopret

  • Race: Protoss Protoss
  • League: Master

Barkas

  • Race: Protoss Protoss
  • League: Master

erikmaster

  • Race: Protoss Protoss
  • League: Diamond

JonBom

  • Race: Protoss Protoss
  • League: Master

VOD

Have the link to the VOD?

Description

Time

  • Played on: June 24, 2021, 6:39 p.m.
  • Length: 10:13
Show
View Real Time Build Order
Export as new Build Order

Nopret Protoss 

Build Orders: Blink Stalkers 

Get SALT Encoding   

  12  0:00  Probe  
  13  0:12  Probe  
  14  0:18  Pylon  
  14  0:24  Probe (Chrono Boost)  
  15  0:37  Probe (Chrono Boost)  
  15  0:38  Gateway  
  16  0:45  Probe (Chrono Boost)  
  16  0:47  Assimilator  
  17  0:51  Probe  
  17  0:55  Assimilator  
  18  1:03  Probe (Chrono Boost)  
  19  1:08  Gateway  
  19  1:15  Probe (Chrono Boost)  
  20  1:22  Probe (Chrono Boost)  
  21  1:25  Cybernetics Core  
  21  1:29  Probe  
  22  1:35  Pylon  
  22  1:41  Probe  
  23  1:53  Probe  
  24  2:02  Warp Gate, Stalker x2  
  28  2:14  Pylon  
  28  2:16  Probe  
  29  2:28  Probe  
  30  2:32  Stalker x2  
  34  2:47  Twilight Council  
  34  3:07  Nexus  
  35  3:15  Blink (Chrono Boost)  
  35  3:17  Stalker  
  36  3:30  Pylon  
  36  3:33  Probe  
  37  3:45  Probe  
  38  3:52  Stalker  
  38  3:55  Stalker  
  42  3:57  Probe  
  43  4:09  Probe  
  44  4:15  Pylon  
  44  4:19  Stalker  
  44  4:20  Stalker  
  44  4:21  Probe  
  44  4:24  Probe  
  50  4:33  Probe  
  50  4:36  Probe  
  52  4:42  Stalker  
  52  4:43  Stalker  
  56  4:46  Probe  
  56  4:48  Probe  
  58  4:55  Gateway  
  58  4:57  Gateway  
  58  5:00  Probe  
  58  5:01  Probe  
  60  5:07  Stalker  
  60  5:12  Probe  
  60  5:13  Probe  
  64  5:19  Stalker  
  66  5:23  Pylon  
  66  5:25  Gateway  
  66  5:32  Gateway  
  66  5:35  Stalker  
  64  5:52  Stalker x2  
  58  6:13  Stalker  
  60  6:19  Stargate  
  60  6:36  Assimilator  
  60  6:37  Pylon  
  60  6:40  Assimilator  
  56  7:02  Stalker x6  
  56  7:04  Probe  
  56  7:08  Gateway  
  69  7:16  Probe  
  69  7:18  Shield Battery  
  69  7:20  Shield Battery  
  70  7:22  Shield Battery  
  70  7:23  Pylon x2  
  70  7:25  Pylon  
  70  7:29  Stalker x4  
  78  7:31  Oracle  
  79  7:45  Forge  
  79  7:46  Twilight Council  
  79  7:51  Stalker x2  
  83  8:14  Stalker  
  83  8:15  Stalker  
  87  8:22  Assimilator  
  87  8:25  Assimilator  
  87  8:26  Pylon  
  87  8:45  Void Ray  
  77  9:21  Nexus  
  77  9:25  Zealot x2  
  77  9:26  Zealot x5  
  87  9:46  Probe  
  82  9:59  Probe  
  64  10:00  Stalker  
  64  10:01  Zealot x6  
Show
View Real Time Build Order
Export as new Build Order

Barkas Protoss 

Build Orders:  

Get SALT Encoding   

  12  0:00  Probe  
  13  0:12  Probe  
  14  0:17  Pylon  
  14  0:24  Probe (Chrono Boost)  
  16  0:37  Probe (Chrono Boost)  
  16  0:38  Gateway  
  16  0:42  Probe (Chrono Boost)  
  16  0:46  Assimilator  
  17  0:52  Probe  
  17  0:56  Assimilator  
  18  1:05  Probe (Chrono Boost)  
  19  1:12  Gateway  
  19  1:16  Probe (Chrono Boost)  
  20  1:21  Probe (Chrono Boost)  
  21  1:26  Cybernetics Core  
  21  1:31  Probe  
  22  1:36  Pylon  
  22  1:43  Probe  
  23  1:55  Probe  
  24  2:02  Warp Gate, Stalker x2  
  28  2:13  Pylon  
  28  2:24  Probe  
  28  2:28  Pylon  
  29  2:32  Sentry  
  29  2:36  Probe  
  34  2:37  Sentry  
  34  2:48  Probe  
  35  2:52  Nexus  
  35  3:00  Probe  
  35  3:01  Sentry  
  38  3:14  Probe  
  39  3:25  Pylon  
  39  3:26  Shield Battery  
  39  3:35  Twilight Council, Shield Battery  
  39  3:39  Forge  
  39  3:43  Probe  
  40  3:51  Stalker  
  40  3:54  Stalker  
  43  4:02  Probe  
  43  4:05  Probe, Blink (Chrono Boost)  
  44  4:15  Probe  
  45  4:17  Probe  
  46  4:24  Stalker  
  46  4:27  Probe  
  46  4:29  Probe  
  50  4:32  Stalker  
  52  4:39  Probe  
  52  4:41  Protoss Ground Weapons Level 1 (Chrono Boost), Probe  
  54  4:49  Stalker  
  54  4:51  Probe  
  57  4:53  Probe  
  57  4:56  Assimilator  
  57  4:57  Pylon  
  58  5:02  Stalker  
  60  5:09  Probe x2  
  62  5:18  Stalker  
  64  5:22  Robotics Facility  
  64  5:24  Gateway  
  64  5:25  Gateway  
  64  5:29  Stalker  
  64  5:32  Pylon  
  66  5:48  Stalker  
  68  5:56  Stalker  
  66  5:57  Probe  
  66  5:58  Probe  
  62  6:07  Shield Battery  
  62  6:10  Observer  
  63  6:12  Charge  
  63  6:14  Stalker  
  63  6:18  Stalker  
  67  6:23  Stalker, Gateway  
  67  6:24  Gateway  
  69  6:27  Probe x2  
  71  6:34  Immortal  
  71  6:39  Stalker  
  77  6:52  Nexus  
  77  6:54  Protoss Ground Weapons Level 2 (Chrono Boost), Pylon  
  77  7:01  Pylon  
  77  7:02  Pylon  
  77  7:20  Probe (Chrono Boost)  
  77  7:22  Probe (Chrono Boost)  
  79  7:25  Pylon  
  79  7:28  Sentry x2  
  84  7:30  Probe (Chrono Boost)  
  84  7:32  Probe (Chrono Boost)  
  86  7:37  Probe x2 (Chrono Boost)  
  86  7:39  Shield Battery  
  87  7:46  Probe x2  
  87  7:48  Stalker x3  
  87  7:50  Stalker  
  97  7:58  Probe x2  
  99  8:02  Assimilator  
  99  8:03  Stalker x2  
  103  8:06  Assimilator  
  103  8:22  Warp Prism (Chrono Boost)  
  103  8:24  Gateway  
  103  8:26  Gateway  
  105  8:28  Gateway  
  105  8:29  Pylon  
  105  8:30  Gateway  
  105  8:31  Pylon  
  105  8:34  Sentry  
  106  8:45  Probe x3  
  109  8:50  Assimilator  
  109  8:54  Templar Archives  
  109  9:02  Zealot x6  
  115  9:07  Pylon  
  115  9:09  Pylon  
  119  9:30  High Templar x2  
  123  9:31  Zealot x4  
  123  9:32  Zealot x2  
  123  9:35  Archon  
  135  9:42  Pylon  
  125  9:56  Zealot x8  
Show
View Real Time Build Order
Export as new Build Order

erikmaster Protoss 

Build Orders:  

Get SALT Encoding   

Show
View Real Time Build Order
Export as new Build Order

JonBom Protoss 

Build Orders:  

Get SALT Encoding   

Tags
 
Add a new tag
Caveats
  • Supply blocks, unpowered buildings, or Contaminate may cause inaccurate times.
  • Supply counts are checked every 10 seconds.